 Dungeon Crawl Stone Soup version 0.22-a0-433-gd2a9cce (webtiles) character file.

4 KristoblXynda the Slasher (level 1, -2/19 HPs)
             Began as a Naga Gladiator on May 27, 2018.
             Slain by a kobold (4 damage)
             ... on level 1 of the Dungeon.
             The game lasted 00:00:20 (108 turns).

KristoblXynda the Slasher (Naga Gladiator)           Turns: 108, Time: 00:00:21

Health: -2/19      AC:  2    Str: 16    XL:     1   Next: 70%
Magic:  1/1        EV: 10    Int:  8    God:
Gold:   8          SH:  0    Dex: 12    Spells: 0/0 levels left

rFire    . . .     SeeInvis +   a - +0 long sword
rCold    . . .     Gourm    .   (no shield)
rNeg     . . .     Faith    .   b - +0 leather armour
rPois    +         Spirit   .   c - +0 helmet
rElec    .         Reflect  .   (no cloak)
rCorr    .         Harm     .   (no gloves)
MR       .....                  (no barding)
Stlth    +.........             (no amulet)
HPRegen  0.06/turn              (no ring)
MPRegen  0.07/turn              (no ring)

@: very slow
A: large, see invisible, deformed body, poison resistance, slowness 2, slow
metabolism 1, spit poison 1, AC +0
a: Spit Poison


You were on level 1 of the Dungeon.
You were not hungry.

You visited 1 branch of the dungeon, and saw 1 of its levels.

You collected 8 gold pieces.

Inventory:

Hand Weapons
 a - a +0 long sword (weapon)
Missiles
 d - 3 throwing nets (quivered)
Armour
 b - a +0 leather armour (worn)
 c - a +0 helmet (worn)
Potions
 e - a potion of might {unknown}
 g - a potion of ambrosia {unknown}
Comestibles
 f - a ration


   Skills:
 - Level 2.0 Fighting
 * Level 3.1 Long Blades
 + Level 1.9 Throwing
 + Level 2.5 Dodging


You couldn't memorise any spells.
You didn't know any spells.
Your spell library was empty.

Dungeon Overview and Level Annotations

Branches:
Dungeon (1/15)

Altars:


Innate Abilities, Weirdness & Mutations

You cannot wear boots.
Your serpentine skin is tough. (AC +0)
You have supernaturally acute eyesight. (SInv)
Armour fits poorly on your strangely shaped body.
Your system is resistant to poisons. (rPois)
You cover ground very slowly.
You have a slow metabolism.
You can spit poison.


Message History

You hit the rat but do no damage.
The rat is severely wounded.
The rat bites you but does no damage. The rat bites you.
You slash the rat!
You kill the rat!
A hobgoblin and a kobold come into view.
The kobold shouts!
There are monsters nearby!
There are monsters nearby!
There are monsters nearby!
You barely miss the kobold. The kobold closely misses you. The kobold hits you.
You miss the kobold. The hobgoblin barely misses you. The kobold hits you.
You miss the kobold. The hobgoblin hits you. The kobold barely misses you.
You closely miss the hobgoblin. The hobgoblin hits you.
* * * LOW HITPOINT WARNING * * *
The kobold barely misses you.
You riposte.
You completely miss the kobold. You closely miss the kobold.
The hobgoblin hits you.
* * * LOW HITPOINT WARNING * * *
The kobold hits you.
You die...

.[...#...... .
...........##.##
.........#.#. ..
.............#.
#..#...####.#.## .......
....(.
#.#######..#######..###
#....K@g..............#
#########..#####.#..#.#
...######......# #..#.#
...............+ #.(#..
#.............# #.)#.#
###.............+ #).###
............†....# #..#
..............######..##
###.#...#......##.......#


You could see a hobgoblin and a kobold.

Vanquished Creatures
  A bat (D:1)
  A frilled lizard (D:1)
  2 kobolds (D:1)
  2 rats (D:1)
6 creatures vanquished.

Notes
Turn   | Place    | Note
-------+----------+-------------------------------------------
     0 | D:1      | KristoblXynda the Naga Gladiator began the quest for the Orb.
     0 | D:1      | Reached XP level 1. HP: 19/19 MP: 1/1
   108 | D:1      | Slain by a kobold

Vault maps used:
D:1:      ncdulo_halloftheorcs

Action                   || total
-------------------------++-------
Melee: Long sword        ||    19
Armor: Leather armour    ||     9
Dodge: Dodged            ||    13
       Rpst.: Long sword ||     2

Table legend:
 A = Spawn XP
 B = Non-spawn XP
 C = Spawn XP percentage of total XP
 D = Spawn monster count
 E = Non-spawn monster count
 F = Spawn count percentage of total count
 G = Total turns spent on level
                    A         B        C        D         E        F      G
               +---------+---------+-------+---------+---------+-------+---------
         Total |       0 |       7 |   0.0 |       0 |       6 |   0.0 |   108
               +---------+---------+-------+---------+---------+-------+---------
           D:1 |       0 |       7 |   0.0 |       0 |       6 |   0.0 |   108
               +---------+---------+-------+---------+---------+-------+---------
